 Dungeon Crawl Stone Soup version 0.23-a0-175-g97aacdb306 (webtiles) character file.

40 PikkenKukken the Skirmisher (level 3, -8/29 HPs)
             Began as a Demonspawn Fighter on Sept 17, 2018.
             Mangled by Crazy Yiuf
             ... wielding a +3 quarterstaff of chaos
              (10 damage)
             ... on level 2 of the Dungeon.
             The game lasted 00:01:24 (899 turns).

PikkenKukken the Skirmisher (Demonspawn Fighter)     Turns: 899, Time: 00:01:25

Health: -8/29      AC:  8    Str: 17    XL:     3   Next: 30%
Magic:  3/3        EV:  7    Int:  9    God:
Gold:   47         SH:  9    Dex: 12    Spells: 2/2 levels left

rFire    . . .     SeeInvis .   a - +0 long sword
rCold    + . .     Gourm    .   c - +0 shield
rNeg     . . .     Faith    .   b - +0 scale mail
rPois    .         Spirit   .   (no helmet)
rElec    .         Reflect  .   (no cloak)
rCorr    .         Harm     .   g - +1 pair of gloves
MR       .....                  (no boots)
Stlth    ..........             (no amulet)
HPRegen  0.09/turn              (no ring)
MPRegen  0.08/turn              (no ring)

@: no status effects
A: claws 1, cold resistance 1
a: no special abilities


You were on level 2 of the Dungeon.
You were not hungry.

You visited 1 branch of the dungeon, and saw 2 of its levels.

You collected 47 gold pieces.

Inventory:

Hand Weapons
 a - a +0 long sword (weapon)
Armour
 b - a +0 scale mail (worn)
 c - a +0 shield (worn)
 g - a +1 pair of gloves (worn)
Scrolls
 k - a scroll of remove curse
Potions
 d - a potion of might
 e - 2 potions of heal wounds
 h - a potion of haste
 i - a potion of flight {unknown}
 j - 3 potions of curing
 l - a potion of brilliance {unknown}
Comestibles
 f - a ration
 m - 2 chunks of flesh


   Skills:
 + Level 3.3 Fighting
 * Level 2.5 Long Blades
 + Level 3.0 Armour
 + Level 3.0 Shields


You had 2 spell levels left.
You didn't know any spells.
Your spell library was empty.

Dungeon Overview and Level Annotations

Branches:
Dungeon (2/15)

Altars:

Annotations:
D:2 Crazy Yiuf


Innate Abilities, Weirdness & Mutations

You have sharp fingernails.
Your flesh is cold resistant. (rC+)


Message History

You closely miss Crazy Yiuf.
Crazy Yiuf is moderately wounded.
Crazy Yiuf glowers.
Crazy Yiuf hits you with a quarterstaff of chaos.
Your shield prevents you from hitting Crazy Yiuf.
Crazy Yiuf is moderately wounded.
You block Crazy Yiuf's attack.
Your shield and scale mail prevent you from hitting Crazy Yiuf.
Crazy Yiuf is moderately wounded.
Crazy Yiuf hits you with a quarterstaff of chaos!
* * * LOW HITPOINT WARNING * * *
You convulse!
* * * LOW HITPOINT WARNING * * *
You slash Crazy Yiuf!
Crazy Yiuf is almost dead.
You block Crazy Yiuf's attack. Crazy Yiuf hits you but does no damage.
Your scale mail prevents you from hitting Crazy Yiuf.
Crazy Yiuf is almost dead.
Crazy Yiuf hits you with a quarterstaff of chaos!
You die...

### #.# ### #.##....
#### ♣♣##....#
#)..#♣♣ ♣♣P.#)###
#..g@.♣♣♣♣P).....##
#...#♣..♣.P.....#.##
####
♣♣♣.♣...#.###.##
♣♣♣♣♣#### ##.# ##.##
.#.... .........
..#..#... #.>####


You could see Crazy Yiuf.

Vanquished Creatures
  An adder (D:2)
  A dart slug (D:2)
  A leopard gecko (D:1)
  A ball python (D:1)
  3 bats
  A giant cockroach (D:1)
  3 goblins (D:1)
  A hobgoblin (D:1)
  6 jackals (D:1)
  A frilled lizard (D:2)
  4 kobolds (D:1)
  2 rats
25 creatures vanquished.

Notes
Turn   | Place    | Note
-------+----------+-------------------------------------------
     0 | D:1      | PikkenKukken the Demonspawn Fighter began the quest for the
                  | Orb.
     0 | D:1      | Reached XP level 1. HP: 18/18 MP: 1/1
   116 | D:1      | Gained mutation: Your flesh is cold resistant. (rC+)
                  | [demonic ancestry]
   116 | D:1      | Reached XP level 2. HP: 18/24 MP: 2/2
   800 | D:2      | Gained mutation: You have sharp fingernails. [demonic
                  | ancestry]
   800 | D:2      | Reached XP level 3. HP: 29/29 MP: 3/3
   879 | D:2      | Found a runed door.
   883 | D:2      | Noticed Crazy Yiuf
   897 | D:2      | HP: 1/29 [Crazy Yiuf/quarterstaff of chaos (7)]
   899 | D:2      | Mangled by Crazy Yiuf

Vault maps used:
D:1:      mrwooster_arrival_statue
D:2:      kennysheep_generic_room_15, uniq_crazy_yiuf_cottage

Skill      XL: |  1  2  3 |
---------------+----------+-----
Long Blades    | 2 |  2.5
Armour         | 3 |  3.0
Shields        | 3 |  3.0
Fighting       | |  3.3

Action                   || total
-------------------------++-------
Melee: Long sword        ||    96
  Use: Scroll            ||     4
Armor: Scale mail        ||    52
Dodge: Dodged            ||    25
Block: Shield            ||    60
       Rpst.: Long sword ||     8

Table legend:
 A = Non-vault XP
 B = Vault XP
 C = Vault XP percentage of total XP
 D = Non-vault monster count
 E = Vault monster count
 F = Vault count percentage of total count
                 A         B        C        D         E       F
            +---------+---------+-------+---------+---------+-------
      Total |      58 |       0 |   0.0 |      25 |       0 |   0.0
            +---------+---------+-------+---------+---------+-------
        D:1 |      38 |       0 |   0.0 |      20 |       0 |   0.0
        D:2 |      20 |       0 |   0.0 |       5 |       0 |   0.0
            +---------+---------+-------+---------+---------+-------
